AoeStats
← Sigi

Arabia

508374947Analyzed
1v1 RM · 9d ago on Sep 22, 2026· 24m 21s· 2 players
Game mode
Random Map
Map size
Tiny (2 player)
Population
200
Speed
Normal
Resources
Standard
Victory
Conquest
Starting age
Dark Age
Ending age
Imperial Age
RankedLock teamsTeams togetherTeam positionsShared explorationLock speedFull tech treeHidden civsTurbo modeCheats
Victory
Defeat
🇲🇽 Ethiopians · Mexico
1566
+16
🇨🇳 Spanish · China
1560
-16
西湖雅座
0:32 Loom
12:09 Feudal Age
14:22 Double-Bit Axe
14:19 Horse Collar
22:26 Fletching
Sigi
7:02 Loom
9:39 Feudal Age
9:42 Man-at-Arms
15:31 Fletching
17:49 Wheelbarrow
22:54 Castle Age
21:15 Padded Archer Armor
21:13 Double-Bit Axe
22:57 Crossbowman
23:33 Bodkin Arrow
23:49 Bow Saw
23:41 Horse Collar
Connection lost

Rejoining the realm…

Still unreachable

The connection could not be restored.

Session expired

The server has moved on; the page needs a fresh start.